 Dungeon Crawl Stone Soup version 0.20-a0-850-ge5a7832 (webtiles) character file.

1789 tarabluh the Grappler (level 8, -1/75 HPs)
             Began as a Troll Monk on Mar 10, 2017.
             Was an Elder of the Shining One.
             Slain by a killer bee (4 damage)
             ... on level 7 of the Dungeon.
             The game lasted 00:12:39 (5106 turns).

tarabluh the Grappler (Troll Monk)                  Turns: 5106, Time: 00:12:39

Health: -1/75      AC:  5    Str: 20    XL:     8   Next: 82%
Magic:  8/8        EV: 11    Int:  8    God:    the Shining One [****..]
Gold:   360        SH:  0    Dex: 12    Spells: 7/7 levels left

rFire    . . .     SeeInvis .     - Unarmed
rCold    . . .     Gourm    +   a - +0 robe
rNeg     + + .     Faith    +   (no shield)
rPois    .         Spirit   .   (helmet restricted)
rElec    .         Reflect  .   (no cloak)
rCorr    .         Harm     .   (gloves unavailable)
MR       .....                  (boots unavailable)
Stlth    +.........             f - amulet of faith
Regen    0.7/turn               (no ring)
MPRegen  0.2/turn               (no ring)

@: lethally poisoned (-1 -> -13), very slightly contaminated, hasted, glowing,
very quick
A: unfitting armour, claws 3, fast metabolism 3, gourmand, regeneration 1,
shaggy fur 1, tough skin 2
a: Divine Shield, Cleansing Flame, Renounce Religion


You were on level 7 of the Dungeon.
You worshipped the Shining One.
The Shining One was greatly pleased with you.
You were full.

You visited 1 branch of the dungeon, and saw 7 of its levels.

You collected 360 gold pieces.

Inventory:

Hand Weapons
 r - a +0 shortbow
Missiles
 i - 2 javelins (quivered)
 j - 7 javelins of penetration
 m - 3 tomahawks of returning
 y - an exploding tomahawk
 F - 36 arrows
Armour
 a - a +0 robe (worn)
Jewellery
 f - an amulet of faith (around neck)
 B - an uncursed ring of positive energy {unknown}
Wands
 o - a wand of lightning (10/15)
 C - a wand of scattershot (5/9)
 G - a wand of flame (26/48)
Scrolls
 d - a scroll of enchant weapon {unknown}
 e - 2 scrolls of amnesia {unknown}
 h - 3 scrolls of teleportation {unknown}
 s - 4 scrolls of remove curse {unknown}
 v - 2 scrolls of identify
 x - 2 scrolls of enchant armour {unknown}
 z - a scroll of fear {unknown}
 E - a scroll of blinking {unknown}
Potions
 c - a potion of heal wounds {unknown}
 g - a potion of lignification
 k - a potion of cancellation {unknown}
 l - 5 potions of degeneration
 n - 2 potions of curing {unknown}
 p - 2 potions of mutation
 q - a potion of flight {unknown}
 t - 2 potions of ambrosia
 A - 2 potions of agility
 J - a potion of berserk rage {unknown}
Comestibles
 b - 7 bread rations
 w - 10 fruits
 D - a meat ration
 H - a royal jelly


   Skills:
 + Level 3.1 Fighting
 + Level 3.3 Dodging
 - Level 1.0 Stealth
 * Level 10.8 Unarmed Combat
 + Level 2.0 Invocations


You had 7 spell levels left.
You didn't know any spells.

Dungeon Overview and Level Annotations

Branches:
Dungeon (7/15)             Temple (0/1) D:4

Altars:
Cheibriados
Sif Muna
Trog
Wu Jian
The Shining One

Shops:
D:7 [


Innate Abilities, Weirdness & Mutations

You are too large for most types of armour.
You have claws for hands.
Your metabolism is lightning-fast.
You like to eat raw meat.
Your natural rate of healing is unusually fast.
You are covered in fur. (AC +1)
You have very tough skin. (AC +2)


Message History

You feel sick.
The killer bee stings you but does no damage.
You feel yourself speed up.
You feel sick. The killer bee stings you.
* * * LOW HITPOINT WARNING * * *
You are more poisoned.
The killer bee poisons you! The killer bee stings you.
* * * LOW HITPOINT WARNING * * *
You are more poisoned.
The killer bee poisons you!
You are very lightly contaminated with residual magic.
You barely miss the killer bee.
The killer bee is almost dead.
* * * LOW HITPOINT WARNING * * *
You feel sick.
The killer bee stings you but does no damage.
Okay, then.
It was a potion of magic.
Magic courses through your body.
* * * LOW HITPOINT WARNING * * *
You feel sick. The killer bee stings you.
You die...

......# #####.# #.# #.#
#.# #.#
#####.############
................>#
#####.#####.####@#
......#####.####y##
.####..........†Z.......
.# #######.####.#######
.# #.# #.# .# #.# #.#
.## #.# #.# ..# #.# #.#
#.## #.# #.#


You could see a killer bee and a hound zombie.

Vanquished Creatures
  The ghost of Typerbomb the Chopper, an amateur DsGl (D:4)
  A sky beast (D:5)
  2 ogres
  2 phantoms
  A centaur (D:5)
  A bullfrog (D:6)
  A scorpion (D:4)
  3 killer bees (D:7)
  A crimson imp (D:5)
  A bullfrog zombie (D:5)
  5 hounds
  2 orc priests (D:5)
  3 orc wizards
  2 iguanas (D:6)
  Natasha (thrice) (D:3)
  3 worker ants
  Robin (D:3)
  2 worker ant zombies (D:5)
  4 gnolls (D:4)
  10 adders
  A shadow imp (D:7)
  2 oozes
  An adder zombie (D:5)
  2 adder skeletons
  A worm (D:2)
  4 dart slugs
  5 leopard geckos
  25 orcs
  3 ball pythons
  5 giant cockroaches
  22 goblins
  9 hobgoblins
  4 jackals (D:1)
  6 kobolds
  2 quokkas
  4 bats
  8 frilled lizards
  2 quokka zombies (D:5)
  4 rats
159 creatures vanquished.

Notes
Turn   | Place    | Note
-------+----------+-------------------------------------------
     0 | D:1      | tarabluh the Troll Monk began the quest for the Orb.
     0 | D:1      | Reached XP level 1. HP: 22/22 MP: 0/0
    66 | D:1      | Reached XP level 2. HP: 29/29 MP: 1/1
   306 | D:1      | Reached skill level 4 in Unarmed Combat
   323 | D:1      | You fall through a shaft!
   341 | D:2      | Reached XP level 3. HP: 33/36 MP: 2/2
   566 | D:2      | Found a snail-covered altar of Cheibriados.
   593 | D:2      | Found a deep blue altar of Sif Muna.
   803 | D:3      | Noticed Natasha
   808 | D:3      | Killed Natasha
   808 | D:3      | Reached skill level 5 in Unarmed Combat
   808 | D:3      | Reached XP level 4. HP: 41/44 MP: 3/3
   893 | D:2      | Found a glowing golden altar of the Shining One.
  1093 | D:2      | Became a worshipper of the Shining One
  1093 | D:2      | Reached * piety under the Shining One
  1093 | D:2      | Reached ** piety under the Shining One
  1202 | D:3      | Noticed Robin
  1206 | D:3      | Reached XP level 5. HP: 45/50 MP: 4/4
  1209 | D:3      | Killed Robin
  1281 | D:3      | Reached skill level 6 in Unarmed Combat
  2191 | D:3      | Noticed Natasha
  2193 | D:3      | Killed Natasha
  2410 | D:3      | Noticed Natasha
  2415 | D:3      | Killed Natasha
  2415 | D:3      | Reached XP level 6. HP: 54/59 MP: 5/5
  2489 | D:4      | Reached skill level 7 in Unarmed Combat
  2505 | D:4      | Noticed Typerbomb's ghost (amateur DsGl)
  2519 | D:4      | Killed Typerbomb's ghost
  2571 | D:4      | Reached skill level 8 in Unarmed Combat
  2574 | D:4      | Found a staircase to the Ecumenical Temple.
  2622 | D:4      | Reached XP level 7. HP: 66/66 MP: 6/6
  2640 | D:4      | Found an ornate altar of the Wu Jian Council.
  2900 | D:4      | Reached *** piety under the Shining One
  2927 | D:4      | Reached skill level 9 in Unarmed Combat
  2971 | D:5      | Entered Level 5 of the Dungeon
  3122 | D:5      | Found a bloodstained altar of Trog.
  3478 | D:5      | Reached XP level 8. HP: 60/74 MP: 7/7
  3803 | D:5      | Reached skill level 10 in Unarmed Combat
  4324 | D:6      | Reached **** piety under the Shining One
  4413 | D:6      | Reached skill level 1 in Invocations
  4983 | D:7      | Found Xogoeg's Armour Emporium.
  5106 | D:7      | HP: 3/75 [poisoned by a killer bee]
  5106 | D:7      | Slain by a killer bee

Vault maps used:
D:1:      scummos_arrival_simple_crosswalls
D:2:      minmay_diamond_boxcup, nicolae_overflow_hidden_temple
D:3:      first_bread, uniq_robin, uniq_natasha
D:4:      marbit_many_paths, minmay_temple_entry_statues_pillars,
          cheibrodos_gnoll_hut
D:5:      lemuel_round_altar, hangedman_decor_points
D:7:      serial_shops, kennysheep_mini_moat, shop, shop, nicolae_shop_trees,
          grunt_ogre_cave, uniq_duvessa

Skill      XL: |  1  2  3  4  5  6  7  8 |
---------------+-------------------------+-----
Unarmed Combat | 4 5 6 8 9 10 | 10.8
Invocations    | 2 |  2.0
Dodging        | 3 |  3.3
Fighting       | 3 |  3.1
Stealth        | |  1.0

Action                   |  1- 3 |  4- 6 |  7- 9 || total
-------------------------+-------+-------+-------++-------
Melee: Unarmed           |    91 |   117 |   137 ||   345
       Punch             |       |     2 |     3 ||     5
Invok: Cleansing Flame   |       |       |     1 ||     1
  Use: Scroll            |       |       |     5 ||     5
       Potion            |       |       |     2 ||     2
 Stab: Sleeping          |     2 |       |       ||     2
  Eat: Chunk             |    13 |    17 |    19 ||    49
Armor: Robe              |    27 |    31 |    34 ||    92
Dodge: Dodged            |    39 |    64 |    53 ||   156
